 Dungeon Crawl Stone Soup version bcrawl-1.39.1 (webtiles) character file.

Game seed: 250218984874624661

123739 makewrite the Bolt Thrower (level 3, -8/30 HPs)
             Began as a Minotaur Hunter on Oct 8, 2023.
             Mangled by Sigmund
             ... wielding a +0 scythe
              (13 damage)
             ... on level 1 of the Dungeon.
             The game lasted 00:04:20 (1011 turns).

makewrite the Bolt Thrower (Minotaur Hunter)        Turns: 1011, Time: 00:04:21

Health: -8/30      AC:  0    Str: 16    XL:     3   Next: 25%
Magic:  2/2        EV: 14    Int:  8    God:
Gold:   41         SH:  0    Dex: 11    Spells: 2/2 levels left

rFire    . . .     GDR:     23%   - Teeth (4.7)
rCold    . . .     SeeInvis .   (shield currently unavailable)
rNeg     . . .     Gourm    .   (armour currently unavailable)
rPois    .         Faith    .   (helmet currently unavailable)
rElec    .         Spirit   .   (cloak currently unavailable)
rCorr    .         Reflect  .   (gloves currently unavailable)
MR       .....                  (boots currently unavailable)
Stlth    +.........             (no amulet)
HPRegen  0.15/turn              (ring currently unavailable)
MPRegen  0.08/turn              (ring currently unavailable)

@: confused, pig-form (expiring), very quick
A: small, (retaliatory headbutt)
a: no special abilities


You were on level 1 of the Dungeon.
You were hungry.
You were a filthy swine.
You visited 1 branch of the dungeon, and saw 2 of its levels.

You collected 41 gold pieces.

Inventory:

Hand Weapons
 a - a +1 hand crossbow
 b - a +0 short sword (melded)
Missiles
 d - 192 bolts
 i - 2 throwing nets {=f}
Armour
 c - a +0 plate armour (melded)
 h - a +0 medium shield (melded)
Jewellery
 m - an uncursed ring of magical power {unknown}
 p - an uncursed ring of protection from cold {unknown}
Scrolls
 g - 2 scrolls of fear {unknown}
 j - a scroll of remove curse {unknown}
 k - 2 scrolls of amnesia {unknown}
 l - a scroll of blinking {unknown}
Potions
 f - 2 potions of curing {unknown}
 n - a potion of haste {unknown}
 o - a potion of flight {unknown}
Comestibles
 e - 3 rations {!d}
 q - 3 chunks of flesh


   Skills:
 + Level 2.6 Fighting
 * Level 5.6 Crossbows
 - Level 2.1 Dodging
 - Level 0.8 Stealth


You had 2 spell levels left.
You didn't know any spells.
Your spell library was empty.

Dungeon Overview and Level Annotations

Branches:
Dungeon (2/12)

Altars:

Annotations:
D:1 Sigmund


Innate Abilities, Weirdness & Mutations

((You reflexively headbutt those who attack you in melee.))
((You have a pair of horns on your head.))


Message History

You're too confused to attack without stumbling around!
You're too confused to attack without stumbling around!
You're too confused to attack without stumbling around!
No path to travel!
You barely miss something. Something hits you!
* * * LOW HITPOINT WARNING * * *
You miss something.
You bump into the rock wall.
Your transformation is almost over.
Something hits you.
* * * LOW HITPOINT WARNING * * *
You bump into the rock wall.
Sigmund appears from thin air!
Reactivating autopickup.
Sigmund barely misses you.
You bump into the rock wall.
You bump into the rock wall.
Sigmund closely misses you.
You closely miss Sigmund.
Sigmund is lightly wounded.
Sigmund hits you with a +0 scythe!
You die...

#.##.......## ###..###...#.)....
..###.....## ##.............. ###
#...### ##.....##.#.... # ###..##
#.##..##.##... # #...#
#.##..##[#.... # #...#
#.#....#.#.... # #...#####
#...##......## #
#>......######.######....# #
#........@h.......###....## ##
#.......####...#..........) .#
#.......##.....#.##.##.##.. .##
#..#######(#.#...#..##.##.. ..##
#..# #....#.#.##..........
#..####..####.#....#.#..####.#...
##.......##.....#....#.## #.#...
##..##.###..#.#[..####.# #.#...
....##.# #.##.#.######.# #.#...


You could see Sigmund.

Vanquished Creatures
  2 worms (D:1)
  A dart slug (D:1)
  2 bats (D:1)
  2 giant cockroaches (D:1)
  5 goblins (D:1)
  4 hobgoblins (D:1)
  3 quokkas (D:1)
  A frilled lizard (D:1)
  5 kobolds (D:1)
  2 rats (D:1)
27 creatures vanquished.

Notes
Turn   | Place    | Note
-------+----------+-------------------------------------------
     0 | D:1      | makewrite the Minotaur Hunter began the quest for the Orb.
     0 | D:1      | Reached XP level 1. HP: 18/18 MP: 0/0
   106 | D:1      | Reached XP level 2. HP: 19/25 MP: 1/1
   136 | D:1      | Reached skill level 5 in Crossbows
   497 | D:1      | Reached XP level 3. HP: 21/30 MP: 2/2
   744 | D:2      | Noticed Sigmund
  1011 | D:1      | Mangled by Sigmund

Skill      XL: |  1  2 |
---------------+-------+-----
Crossbows      | 5 |  5.6
Fighting       | |  2.6
Dodging        | |  2.1
Stealth        | |  0.8

Action                   || total
-------------------------++-------
Melee: Short sword       ||    26
       Headbutt          ||     6
       Unarmed           ||     8
       Hand crossbow     ||     1
 Fire: Hand crossbow     ||    48
  Eat: Chunk             ||     2
Armor: Leather armour    ||    12
       Plate armour      ||    15
       Skin              ||     2
Dodge: Dodged            ||    15
Block: Medium shield     ||    10
